Map: Bel'Shir Vestige LE (Void)

Players

Dark

  • Race: Zerg Zerg
  • League: Grandmaster
  • Spawn Location: 5:00

INnoVation - Winner!

  • Race: Terran Terran
  • League: Grandmaster
  • Spawn Location: 11:00

Event: Polygon Gaming Invitational #10

VOD

https://www.youtube.com/watch?v=VhYGScM0Q-w&index=4&list=PL9QsjkBYtQM4FOph0oThEnvgqxfCQmaLv

Description

This game starts like the first two, fairly standard. However, INnoVation is playing a trick on Dark: this is actually a very brutal hellbat timing that Dark does not scout! The drone damage is huge but ultimately the attack is repelled. Is the damage too great to recover from?

Time

  • Played on: March 30, 2017, 12:09 a.m.
  • Length: 8:39

All games in this series

Show
View Real Time Build Order
Export as new Build Order

Dark Zerg 

Build Orders: Pool First 

Get SALT Encoding   

  12  0:00  Drone  
  13  0:12  Overlord  
  13  0:16  Drone  
  14  0:30  Drone x2  
  16  0:37  Drone  
  17  0:44  Extractor  
  17  0:48  Drone  
  17  0:51  Spawning Pool  
  16  0:57  Drone  
  17  1:07  Drone  
  18  1:20  Hatchery  
  18  1:23  Drone  
  18  1:29  Drone  
  19  1:39  Queen  
  21  1:41  Zergling x2  
  22  1:47  Metabolic Boost  
  22  1:56  Overlord  
  22  2:15  Queen  
  24  2:16  Drone x2  
  26  2:27  Drone  
  27  2:31  Queen  
  27  2:34  Zergling x4  
  31  2:43  Overlord  
  31  2:48  Drone x2  
  31  2:49  Drone x2  
  35  2:54  Drone  
  36  3:03  Drone  
  37  3:12  Drone x2  
  39  3:18  Drone x2  
  41  3:24  Drone x2  
  43  3:31  Drone  
  43  3:32  Overlord  
  43  3:33  Overlord  
  44  3:35  Hatchery  
  43  3:42  Queen, Extractor  
  43  3:43  Overlord  
  44  3:54  Drone x3  
  44  3:55  Zergling x8  
  50  3:58  Zergling x2  
  51  4:04  Queen  
  51  4:06  Spine Crawler  
  52  4:11  Zergling x6  
  52  4:12  Zergling x2  
  55  4:21  Zergling x4  
  51  4:27  Zergling x4  
  51  4:28  Zergling x2  
  51  4:29  Zergling x2  
  51  4:31  Zergling x2  
  54  4:37  Queen  
  50  4:41  Queen, Zergling x4  
  46  4:49  Drone x2  
  46  4:51  Drone  
  47  4:58  Spore Crawler  
  47  4:59  Spore Crawler, Queen  
  46  5:02  Drone  
  47  5:08  Drone x2  
  47  5:10  Drone x2  
  47  5:13  Queen  
  53  5:14  Drone  
  53  5:17  Queen  
  53  5:21  Drone x2  
  58  5:25  Overlord  
  58  5:27  Drone  
  58  5:28  Drone  
  59  5:30  Zergling x2  
  59  5:33  Zergling x4  
  59  5:34  Drone  
  63  5:39  Queen  
  63  5:42  Zergling x2  
  63  5:45  Drone  
  63  5:49  Zergling x6  
  67  5:52  Drone  
  67  5:53  Overlord  
  68  6:00  Evolution Chamber x2, Overlord  
  68  6:03  Overlord  
  66  6:11  Queen  
  67  6:23  Zergling x2  
  67  6:24  Zergling x6  
  65  6:29  Drone  
  65  6:30  Drone x6  
  65  6:32  Drone x2  
  65  6:33  Drone x2  
  65  6:35  Zerg Melee Weapons Level 1  
  65  6:36  Zerg Ground Armor Level 1  
  65  6:37  Zergling x2  
  65  6:38  Queen  
  70  6:42  Lair  
  70  6:47  Drone x3  
  73  6:56  Baneling Nest  
  73  6:57  Zergling x4  
  73  6:59  Drone  
  75  7:02  Extractor  
  75  7:05  Drone x2, Extractor  
  75  7:06  Zergling x6  
  75  7:07  Zergling x2  
  79  7:13  Drone  
  80  7:17  Drone x2  
  82  7:26  Hatchery  
  82  7:28  Drone x4  
  82  7:29  Drone  
  85  7:31  Drone, Extractor x2  
  85  7:33  Drone  
  85  7:34  Overlord  
  85  7:36  Drone  
  86  7:48  Spire  
  86  7:51  Drone x2  
  86  7:53  Zergling x2  
  86  7:54  Zergling x16  
  96  7:59  Baneling x4  
  96  8:09  Zergling x4  
  96  8:11  Baneling x3  
Show
View Real Time Build Order
Export as new Build Order

INnoVation Terran - Winner!

Build Orders: Hellion Opening, Reaper Expand, MMM Bio 

Get SALT Encoding   

  12  0:00  SCV  
  13  0:12  SCV  
  14  0:17  Supply Depot  
  14  0:24  SCV  
  14  0:28  Refinery  
  15  0:38  SCV  
  16  0:44  Barracks  
  16  0:51  SCV  
  17  1:03  SCV  
  18  1:15  SCV  
  19  1:30  Orbital Command  
  19  1:31  Reaper  
  20  1:41  Command Center  
  20  1:51  Factory  
  20  1:56  SCV  
  21  2:04  Refinery  
  21  2:07  Barracks Reactor  
  21  2:08  SCV  
  22  2:12  Supply Depot  
  22  2:20  SCV  
  23  2:33  SCV  
  23  2:35  Hellion  
  26  2:38  Starport  
  26  2:43  Marine x2  
  28  2:46  SCV  
  29  2:53  Orbital Command  
  29  2:58  SCV  
  30  3:05  Hellion x2  
  34  3:07  Marine  
  35  3:15  Medivac  
  37  3:20  Armory  
  37  3:25  Marine  
  37  3:26  Hellion  
  39  3:31  Hellion  
  41  3:36  Supply Depot  
  41  3:38  SCV  
  41  3:40  SCV  
  43  3:45  Starport Tech Lab  
  43  3:51  Hellion  
  45  3:57  SCV  
  45  3:58  Supply Depot, SCV, Hellion  
  49  4:05  Raven  
  51  4:13  Hellion  
  51  4:16  SCV x2  
  54  4:19  Hellion  
  52  4:28  SCV x2, Barracks Tech Lab  
  50  4:37  Hellion  
  49  4:41  Hellion  
  49  4:50  Raven  
  49  4:52  Marine  
  48  4:56  SCV x2  
  48  4:58  Stimpack  
  48  5:04  Hellion  
  48  5:05  Hellion  
  52  5:09  SCV x2  
  52  5:14  Supply Depot  
  54  5:22  SCV x2  
  54  5:25  Hellion  
  54  5:26  Hellion  
  60  5:29  Supply Depot  
  60  5:34  SCV x2  
  62  5:40  Marine  
  63  5:46  SCV x2  
  63  5:47  Command Center  
  65  5:57  Barracks  
  65  5:58  Barracks, SCV, Marine  
  65  5:59  SCV  
  65  6:00  Starport Reactor  
  65  6:01  Factory Reactor  
  68  6:04  Engineering Bay  
  68  6:05  Engineering Bay  
  68  6:10  SCV  
  68  6:11  SCV  
  70  6:16  Marine  
  68  6:23  SCV x2  
  70  6:26  Barracks  
  70  6:28  Barracks  
  62  6:33  Marine  
  62  6:35  Terran Infantry Armor Level 1, Terran Infantry Weapons Level 1  
  62  6:36  SCV x2  
  62  6:37  Hellion x5  
  65  6:42  Refinery  
  65  6:43  Refinery  
  65  6:50  SCV x2  
  65  6:53  Factory Reactor  
  65  6:54  Marine x5  
  67  6:59  Combat Shields  
  72  7:04  SCV  
  72  7:05  Medivac x2, SCV  
  78  7:08  Orbital Command  
  78  7:11  Marine  
  78  7:12  Marine x2  
  81  7:15  Barracks Reactor x2  
  81  7:16  Marine  
  81  7:17  SCV x2  
  81  7:18  Marine  
  85  7:24  Supply Depot  
  85  7:26  Supply Depot  
  85  7:29  SCV x2, Marine  
  88  7:33  Marine x2  
  88  7:34  Marine  
  88  7:36  Marine  
  92  7:43  Supply Depot  
  93  7:44  Supply Depot, SCV  
  93  7:45  Widow Mine x2  
  93  7:46  SCV, Armory  
  93  7:47  Marine  
  93  7:50  Marine  
  93  7:51  Marine  
  101  7:52  Orbital Command, Marine  
  101  7:56  SCV  
  101  7:58  SCV  
  104  7:59  Marine x3  
  104  8:00  Marine x2  
  109  8:08  SCV  
  109  8:10  SCV  
  109  8:13  Marine x4  
  109  8:17  Marine  
Tags
 
Add a new tag
Caveats
  • Supply blocks, unpowered buildings, or Contaminate may cause inaccurate times.
  • Supply counts are checked every 10 seconds.